 Dungeon Crawl Stone Soup version 0.31-a0-435-g2c6fae2916 (webtiles) character file.

Game seed: 968429917278364524

23284 lunkers the Black Belt (level 13, -4/114 HPs)
             Began as a Meteoran Shapeshifter on Aug 1, 2023.
             Was a Priest of Makhleb.
             Slain by an orc
             ... wielding a +0 trident
              (11 damage)
             ... in a bailey.
             The game lasted 00:20:12 (4614 turns).

lunkers the Black Belt (Meteoran Shapeshifter)      Turns: 4614, Time: 00:20:13

Health: -4/114     AC:  3    Str: 16    XL:     13   Next: 67%
Magic:  15/19      EV: 19    Int: 15    God:    Makhleb [***...]
Gold:   178        SH:  5    Dex: 18    Spells: 12/12 levels left

rFire   + .          .
                       - Unarmed
rCold   . . .        (shield currently unavailable)
rNeg    . . .        w - +0 troll leather armour
rPois   .            h - +1 helmet "Ytasod" {Fly rF+ Int+2}
rElec   .            (no cloak)
rCorr   .            (gloves currently unavailable)
SInv    .            (no boots)
Will    +....        n - amulet of reflection
Stlth   +            (no ring)
HPRegen 1.19/turn    (no ring)
MPRegen 0.16/turn

%: reflection
@: blade hands, flying, glowing
A: sense surroundings 2, otherworldly, glowing, explore regen
a: Begin Untransformation, Renounce Religion, Minor Destruction, Lesser Servant
of Makhleb


You were in a bailey.
You worshipped Makhleb.
Makhleb was most pleased with you.
You had blades for hands.
You visited 1 branch of the dungeon, and saw 10 of its levels.
You also visited: Sewer and Bailey.

You collected 482 gold pieces.
You spent 304 gold pieces at shops.

Inventory:

Armour
 h - the +1 helmet "Ytasod" (worn) {Fly rF+ Int+2}
   (You bought it in a shop on level 7 of the Dungeon)

   Int:       It affects your intelligence (+2).
   rF:        It protects you from fire.
   Fly:       It grants you flight.
 o - a +1 ring mail
 w - a +0 troll leather armour (worn)
Jewellery
 n - an amulet of reflection (around neck)
Talismans
 c - a beast talisman
 r - a blade talisman (active)
Wands
 t - a wand of flame (4)
Scrolls
 a - a scroll of fear
 b - 2 scrolls of enchant armour
Potions
 d - 3 potions of cancellation
 e - 7 potions of brilliance
 f - a potion of curing
 i - a potion of enlightenment
 j - a potion of invisibility
 k - 3 potions of magic
 l - a potion of resistance
 p - 2 potions of mutation
 q - 5 potions of might
 s - 9 potions of heal wounds


   Skills:
 + Level 10.4 Fighting
 + Level 11.5 Dodging
 + Level 15.0 Unarmed Combat
 + Level 6.7 Invocations
 + Level 11.5 Shapeshifting


You had 12 spell levels left.
You didn't know any spells.
Your spell library contained the following spells:

 Spells                   Type           Power      Damage    Failure   Level
 Apportation              Tloc           0%         N/A       75%         1
 Cigotuvi's Dreadful Rot  Necr/Pois/Air  0%         N/A       85%         2
 Ensorcelled Hibernation  Hex/Ice        0%         N/A       85%         2
 Passwall                 Tmut/Erth      0%         N/A       85%         2
 Ignite Poison            Fire/Tmut/Pois 0%         N/A       95%         3
 Portal Projectile        Hex/Tloc       0%         N/A       95%         3
 Swiftness                Air            0%         N/A       95%         3
 Tukima's Dance           Hex            0%         N/A       95%         3
 Vhi's Electric Charge    Tloc/Air       0%         N/A       95%         3
 Iskenderun's Mystic Bla  Conj/Tloc      0%         2d3       100%        4
 Alistair's Intoxication  Tmut/Pois      0%         N/A       100%        5
 Arcjolt                  Conj/Air       0%         1d10      100%        5
 Freezing Cloud           Conj/Ice/Air   0%         6-21      100%        5
 Plasma Beam              Fire/Air       0%         2x1d10    100%        6


Dungeon Overview and Level Annotations

Branches:
Dungeon (10/15) Zot: 2122  Temple (0/1) D:6            Lair (0/5) D:10
  Sewer (visited)          Bailey (1/1) Zot: 486
    Orc: D:9-12

Altars:
Gozag
Kikubaaqudgha
Makhleb
Ru
Sif Muna
Trog
Uskayaw
The Shining One

Shops:
D:4 *   D:7 [![

Annotations:
D:1 1 transporter


Innate Abilities, Weirdness & Mutations

You have blades for hands.
Your spellcasting is less reliable in this form.
You are incapable of wielding weapons or throwing items.
You passively map the area around you.
You are easily found by Zot.
You glow in the dark.
You regain HP and MP as you explore.


Message History

The orc warrior misses you. The orc hits you with a +0 halberd.
* * * LOW HITPOINT WARNING * * *
Things that are here:
a +0 glaive; a +0 plate armour; an orc corpse You slice the orc!!
You kill the orc!
Makhleb accepts your kill.
You feel better.
The orc hits you from afar with a +0 trident.
* * * LOW HITPOINT WARNING * * *
The orc warrior completely misses you.
Your butterfly disappears in a burst of colours!
The orc warrior misses you. The orc completely misses you.
The orc warrior hits you with a +0 spear!
* * * LOW HITPOINT WARNING * * *
You closely miss the orc warrior. The orc warrior closely misses you.
The orc hits you from afar with a +0 trident!
* * * LOW HITPOINT WARNING * * *
The orc warrior barely misses you.
Unknown command.
You closely miss the orc warrior.
Unknown command.
Unknown command.
You slash the orc warrior!
The orc warrior is moderately wounded.
The orc warrior closely misses you.
The orc hits you from afar with a +0 trident!
* * * LOW HITPOINT WARNING * * *
The orc warrior hits you with a +0 spear!
* * * LOW HITPOINT WARNING * * *
You hit the orc warrior but do no damage.
The orc warrior is moderately wounded.
You block the orc warrior's attack. The orc misses you.
The orc warrior barely misses you.
Unknown command.
You feel much better. The orc misses you.
The orc warrior hits you with a +0 glaive!!
* * * LOW HITPOINT WARNING * * *
The orc hits you from afar with a +0 trident!
You die...

#.....#
#.....#
#.....#
#.....#
##'''##
##..)..##
#.))o...#
#.o#o#..#
#.)@o...#
#.......#
#.......#
##.....##
#+++++# ,
* , , * ,
*


You could see 2 orc warriors and 2 orcs.

Vanquished Creatures
  A two-headed ogre (D:9)
  An orc knight (Bailey)
  A kobold demonologist (D:9)
  A troll (D:10)
  A wyvern (D:9)
  12 yaks
  A steam dragon (D:8)
  A water moccasin (D:6)
  A black bear (D:7)
  3 orc warriors (Bailey)
  4 centaurs
  A phantom (D:4)
  4 kobold brigands
  4 bullfrogs (D:7)
  3 scorpions
  3 wights (D:6)
  17 killer bees
  3 howler monkeys
  2 jellies (D:7)
  3 orc priests
  A gnoll bouda (D:4)
  An iguana (D:6)
  Terence (D:2)
  A sleepcap (D:4)
  4 orc wizards
  10 gnolls
  14 adders
  6 river rats (Sewer)
  An ufetubus (D:5)
  3 worms
  2 dart slugs
  38 orcs
  14 ball pythons
  9 endoplasms
  7 giant cockroaches
  6 goblins
  5 hobgoblins
  33 kobolds
  A quokka (D:1)
  3 bats
  3 frilled lizards
  27 rats
257 creatures vanquished.

Notes
Turn   | Place    | Note
-------+----------+-------------------------------------------
     0 | D:1      | lunkers the Meteoran Shapeshifter began the quest for the
                  | Orb.
     0 | D:1      | Reached XP level 1. HP: 16/16 MP: 2/2
    41 | D:1      | Reached XP level 2. HP: 12/23 MP: 3/3
    45 | D:1      | Reached skill level 4 in Unarmed Combat
   166 | D:1      | Reached XP level 3. HP: 22/28 MP: 4/4
   448 | D:2      | Reached XP level 4. HP: 31/35 MP: 5/5
   452 | D:2      | Reached skill level 5 in Unarmed Combat
   465 | D:2      | Noticed Terence
   481 | D:2      | Killed Terence
   552 | D:2      | Reached XP level 5. HP: 31/40 MP: 6/6
   948 | D:3      | Reached skill level 6 in Unarmed Combat
  1019 | D:4      | Reached XP level 6. HP: 40/47 MP: 7/7
  1083 | D:4      | Found Gesur's General Store.
  1106 | D:4      | Reached skill level 5 in Shapeshifting
  1264 | D:4      | Reached skill level 7 in Unarmed Combat
  1264 | D:4      | Reached XP level 7. HP: 52/52 MP: 8/8
  1477 | D:5      | Entered Level 5 of the Dungeon
  1501 | D:5      | Reached skill level 8 in Unarmed Combat
  1567 | D:5      | Found a shimmering blue altar of Sif Muna.
  1736 | D:5      | Found a glowing drain.
  1751 | D:5      | Reached XP level 8. HP: 59/59 MP: 9/9
  1772 | Sewer    | Entered a sewer
  1995 | Sewer    | Reached skill level 9 in Unarmed Combat
  2270 | Sewer    | Glimpsed the power of Zot.
  2417 | D:5      | Found a burning altar of Makhleb.
  2446 | D:5      | Became a worshipper of Makhleb the Destroyer
  2583 | D:6      | Found a bloodstained altar of Trog.
  2660 | D:6      | Reached skill level 10 in Unarmed Combat
  2794 | D:6      | Found a glowing golden altar of the Shining One.
  2800 | D:6      | Gained mutation: You passively map the area around you.
                  | [Meteoran growth]
  2800 | D:6      | Reached XP level 9. HP: 58/64 MP: 10/10
  2840 | D:7      | Reached skill level 13 in Unarmed Combat
  2840 | D:7      | Reached XP level 10. HP: 83/83 MP: 11/11
  3017 | D:7      | Found Loeg's Antique Armour Shoppe.
  3065 | D:7      | Found Effyosk's Distillery.
  3074 | D:7      | Found Liym's Armour Boutique.
  3082 | D:7      | Reached * piety under Makhleb
  3114 | D:7      | Found a sacrificial altar of Ru.
  3118 | D:7      | Found an ancient bone altar of Kikubaaqudgha.
  3571 | D:7      | Bought a bloodstained helmet for 304 gold pieces
  3571 | D:7      | Identified the +1 helmet "Ytasod" {Fly rF+ Int+2} (You
                  | bought it in a shop on level 7 of the Dungeon)
  3869 | D:8      | Reached XP level 11. HP: 89/94 MP: 12/12
  4009 | D:9      | Reached ** piety under Makhleb
  4065 | D:9      | Noticed a two-headed ogre
  4078 | D:9      | Killed a two-headed ogre
  4083 | D:9      | Found a hide-covered altar of Uskayaw.
  4134 | D:9      | Reached skill level 1 in Invocations
  4207 | D:9      | Found an opulent altar of Gozag.
  4325 | D:10     | Entered Level 10 of the Dungeon
  4461 | D:10     | Reached skill level 14 in Unarmed Combat
  4483 | D:10     | Found a flagged portal.
  4489 | D:10     | Identified the +5 spear of the Changing Messenger {heavy,
                  | Str+2}
  4492 | Bailey   | Entered a bailey
  4595 | Bailey   | Reached skill level 10 in Dodging
  4595 | Bailey   | Reached skill level 5 in Invocations
  4595 | Bailey   | Reached skill level 10 in Shapeshifting
  4595 | Bailey   | Reached XP level 12. HP: 105/105 MP: 13/16
  4596 | Bailey   | Noticed an orc knight
  4596 | Bailey   | Reached skill level 10 in Fighting
  4596 | Bailey   | Reached XP level 13. HP: 113/113 MP: 13/18
  4605 | Bailey   | Reached skill level 15 in Unarmed Combat
  4605 | Bailey   | Reached *** piety under Makhleb
  4614 | Bailey   | Slain by an orc

Illustrated notes

Levels and vault maps discovered:
D:1:      spicycebolla_arrival_risky_transporter, layout_loops_ring
D:2:      layout_basic, serial_forest, infiniplex_forest_straight_2,
          infiniplex_forest_end_2, infiniplex_forest_fountain,
          infiniplex_forest_clump_cross, infiniplex_forest_end_2, corexii_shack,
          uniq_terence
D:3:      layout_basic, kennysheep_slug_shrine, hangedman_decor_riveting,
          solitary_fountain
D:4:      layout_basic, hangedman_decor_slide_cut, nicolae_inconvenience_store,
          minmay_diced_spiral
D:5:      layout_loops_ring, kennysheep_little_box,
          mainiacjoe_overflow_boulevard, gup_sewer_entry_glass
D:6:      layout_loops_ring, tso_altar, lemuel_tele_altar,
          lemuel_temple_firewalk_b
D:7:      layout_basic, minitemple, serial_shops, shop, shop, shop
D:8:      layout_basic, minmay_misc_feat_room
D:9:      layout_stronghold, eat_drink_and_be_merry_uskayaw,
          lemuel_crystal_altar, minmay_misc_feat_square, minmay_evil_grid
D:10:     layout_basic, lair_entry_dummy, enter_bailey_2, uniq_joseph
Bailey:   bailey_polearm_5, bailey

Skill      XL: |  1  2  3  4  5  6  7  8  9 10 11 12 13 |
---------------+----------------------------------------+-----
Unarmed Combat | 4 5 6 7 8 10 13 14 15 | 15.0
Shapeshifting  | 4 5 6 8 9 10 11 | 11.5
Fighting       | 6 7 9 10 | 10.4
Dodging        | 7 9 10 11 | 11.5
Invocations    | 5 6 |  6.7

Action                     |  1- 3 |  4- 6 |  7- 9 | 10-12 | 13-15 || total
---------------------------+-------+-------+-------+-------+-------++-------
  Melee: Unarmed           |    57 |   116 |   218 |   228 |    12 ||   631
         Punch             |       |     3 |    25 |    17 |     2 ||    47
    Use: Potion            |       |     1 |     1 |     2 |     1 ||     5
         Scroll            |       |       |    14 |    10 |       ||    24
 Armour: Animal skin       |    11 |    12 |       |       |       ||    23
         Skin              |       |     7 |       |       |       ||     7
         Ring mail         |       |    10 |    62 |    24 |       ||    96
         Troll leather arm |       |       |       |     3 |       ||     3
  Dodge: Dodged            |    28 |    41 |    91 |   140 |    25 ||   325
  Block: Other             |       |    12 |    48 |    52 |     4 ||   116
         Reflection        |       |       |       |     6 |       ||     6
   Form: Blade             |       |       |       |     1 |       ||     1

Table legend: (Time is in decaauts)
 A = Elapsed time spent in this place.
 B = Non-inter-level travel time spent in this place.
 C = Inter-level travel time spent in this place.
 D = Time resting spent in this place.
 E = Time spent auto-exploring this place.
 F = Levels seen in this place.
 G = Mean time per level.
                   A        B        C        D        E       F      G
               +--------+--------+--------+--------+--------+-----+--------+
         Total |   4522 |   4359 |    163 |     27 |   2524 |  12 |  376.8 |
       Dungeon |   3877 |   3714 |    163 |     27 |   2160 |  10 |  387.7 |
         Sewer |    532 |    532 |      0 |      0 |    337 |   1 |  532.0 |
        Bailey |    113 |    113 |      0 |      0 |     26 |   1 |  113.0 |
               +--------+--------+--------+--------+--------+-----+--------+

Top non-repeatable levels by time:
     D:8: 701 daAuts
   Sewer: 532 daAuts
     D:4: 515 daAuts
     D:5: 467 daAuts
     D:7: 375 daAuts
     D:9: 361 daAuts
     D:6: 359 daAuts
     D:2: 337 daAuts
     D:1: 312 daAuts
     D:3: 287 daAuts
    D:10: 160 daAuts
  Bailey: 113 daAuts
